 Dungeon Crawl Stone Soup version 0.30-a0-7-g94fe547ab8 (webtiles) character file.

Game seed: 6924558867163615564

69 Nedwor the Cutter (level 4, 34/34 HPs)
             Began as a Demonspawn Gladiator on Aug 23, 2022.
             Quit the game on level 2 of the Dungeon.
             The game lasted 00:02:48 (1720 turns).

Nedwor the Cutter (Demonspawn Gladiator)            Turns: 1720, Time: 00:02:49

Health: 34/34      AC:  8    Str: 16    XL:     4   Next: 2%
Magic:  4/4        EV:  7    Int: 10    God:
Gold:   94         SH:  0    Dex: 14    Spells: 3/3 levels left

rFire   . . .      SeeInvis +    a - +0 rapier
rCold   . . .      Faith    .    (no shield)
rNeg    . . .      Spirit   .    k - +0 chain mail
rPois   .          Reflect  .    (helmet restricted)
rElec   .          Harm     .    (no cloak)
rCorr   .          Rampage  .    (no gloves)
Will    +....                    (no boots)
Stlth   ..........               (no amulet)
HPRegen 0.11/turn                i - ring of willpower
MPRegen 0.09/turn                f - ring of see invisible

@: no status effects
A: antennae 1, spiny 1
a: no special abilities


You were on level 2 of the Dungeon.
You visited 1 branch of the dungeon, and saw 2 of its levels.

You collected 94 gold pieces.

Inventory:

Hand Weapons
 a - a +0 rapier (weapon)
Armour
 c - a +0 helmet
 k - a +0 chain mail (worn)
Jewellery
 f - a ring of see invisible (right hand)
 i - a ring of willpower (left hand)
Scrolls
 b - a scroll of fear {unknown}
 e - a scroll of identify {unknown}
 m - a scroll of torment {unknown}
Potions
 g - a potion of haste {unknown}
 h - 2 potions of brilliance {unknown}
 j - a potion of flight {unknown}
 l - a potion of might {unknown}


   Skills:
 + Level 2.5 Fighting
 * Level 3.5 Short Blades
 - Level 1.7 Throwing
 + Level 1.2 Armour
 + Level 3.1 Dodging


You had 3 spell levels left.
You didn't know any spells.
Your spell library was empty.

Dungeon Overview and Level Annotations

Branches:
Dungeon (2/15)

Altars:


Innate Abilities, Weirdness & Mutations

You have a pair of small antennae on your head.
You are partially covered in sharp spines.


Message History

No target in view!
No target in view!
No target in view!
No target in view!
No target in view!
An endoplasm comes into view.
The endoplasm quivers.
An endoplasm is nearby!
An endoplasm is nearby!
An endoplasm is nearby!
You hit the endoplasm.
The endoplasm is heavily wounded.
The endoplasm completely misses you.
You hit the endoplasm.
You kill the endoplasm!
No target in view!
No target in view!
No target in view!
No target in view!
Found a short sword.
Found a chain mail.
An adder comes into view.
The adder hisses angrily.
The adder bites you but does no damage.
You see here a +0 chain mail.
An adder is nearby!
An adder is nearby!
An adder is nearby!
You puncture the adder!
The adder is severely wounded.
The adder barely misses you. The adder bites you but does no damage.
You hit the adder.
The adder is severely wounded.
The adder is struck by your spines.
You kill the adder!
You have reached level 4!
You feel clever.
Your demonic ancestry asserts itself...
A pair of antennae grows on your head!
Your +0 helmet falls away!
Are you sure you want to abandon this character and quit the game? (Confirm with "yes".)

#.##..............##...=).....#
#.############..........#####.#
#.# ####.####### #.# #.# #.#
#.# #.# ## #.# #.# #.# #.# #.#
#.# #.### #.# #.# #.#
#...#####.# #.###.# #.#
#........# ##@##..
#...#####.###.##### #..##
#.#.## #..# #.## ###..# #.#
.....# #.##### ###.##
#.....####.## #.#
##########........ #.#
#.............).##


There were no monsters in sight!

Vanquished Creatures
  2 adders (D:2)
  A worm (D:2)
  A bat (D:1)
  6 endoplasms
  2 giant cockroaches
  5 goblins
  5 hobgoblins
  3 quokkas (D:2)
  4 ball pythons (D:1)
  5 frilled lizards (D:1)
  6 kobolds
  5 rats
45 creatures vanquished.

Notes
Turn   | Place    | Note
-------+----------+-------------------------------------------
     0 | D:1      | Nedwor the Demonspawn Gladiator began the quest for the
                  | Orb.
     0 | D:1      | Reached XP level 1. HP: 16/16 MP: 1/1
   157 | D:1      | Gained mutation: You are partially covered in sharp spines.
                  | [demonic ancestry]
   157 | D:1      | Reached XP level 2. HP: 9/22 MP: 2/2
  1072 | D:1      | Reached XP level 3. HP: 26/28 MP: 3/3
  1333 | D:2      | Reached skill level 1 in Armour
  1720 | D:2      | Gained mutation: You have a pair of small antennae on your
                  | head. [demonic ancestry]
  1720 | D:2      | Reached XP level 4. HP: 34/34 MP: 4/4
  1720 | D:2      | Quit the game

Illustrated notes

Levels and vault maps discovered:
D:1:      grunt_arrival_lava_bath, layout_loops_ring, minmay_crystal_water,
          lemuel_old_faithful
D:2:      layout_loops_ring

Skill      XL: |  1  2  3 |
---------------+----------+-----
Short Blades   | 3 |  3.5
Armour         | 1 |  1.2
Dodging        | 3 |  3.1
Fighting       | |  2.5
Throwing       | |  1.7

Action                   |  1- 3 |  4- 6 || total
-------------------------+-------+-------++-------
Melee: Rapier            |   104 |       ||   104
       Punch             |     1 |       ||     1
  Use: Scroll            |     1 |       ||     1
Armor: Leather armour    |    14 |       ||    14
       Chain mail        |    13 |       ||    13
Dodge: Dodged            |    52 |       ||    52

Table legend: (Time is in decaauts)
 A = Elapsed time spent in this place.
 B = Non-inter-level travel time spent in this place.
 C = Inter-level travel time spent in this place.
 D = Time resting spent in this place.
 E = Time spent auto-exploring this place.
 F = Levels seen in this place.
 G = Mean time per level.
                   A        B        C        D        E       F      G
               +--------+--------+--------+--------+--------+-----+--------+
         Total |   1722 |   1700 |     22 |    179 |   1243 |   2 |  861.0 |
       Dungeon |   1722 |   1700 |     22 |    179 |   1243 |   2 |  861.0 |
               +--------+--------+--------+--------+--------+-----+--------+

Top non-repeatable levels by time:
     D:1: 1325 daAuts
     D:2: 397 daAuts
